 Dungeon Crawl Stone Soup version 0.28-a0-957-g42eb19b844 (console) character file.

Game seed: 11840124424914845190

18 petzl the Vexing (level 2, -2/18 HPs)
             Began as an Octopode Arcane Marksman on Dec 1, 2021.
             Slain by a gnoll (7 damage)
             ... on level 2 of the Dungeon.
             The game lasted 00:01:52 (1294 turns).

petzl the Vexing (Octopode Arcane Marksman)         Turns: 1294, Time: 00:01:53

Health: -2/18      AC:  1    Str:  9    XL:     2   Next: 70%
Magic:  3/3        EV: 13    Int: 15    God:
Gold:   52         SH:  0    Dex: 12    Spells: 2/3 levels left

rFire   . . .      SeeInvis .   a - +0 short sword
rCold   . . .      Faith    .   (no shield)
rNeg    . . .      Spirit   .   (helmet restricted)
rPois   .          Reflect  .   (no amulet)
rElec   .          Harm     .   (no ring)
rCorr   .          Rampage  .   (no ring)
Will    .....                   (no ring)
Stlth   +++.......              (no ring)
HPRegen 0.06/turn               (no ring)
MPRegen 0.08/turn               (no ring)
                                (no ring)
                                (no ring)

@: no status effects
A: almost no armour, amphibious, 8 rings, camouflage 1, gelatinous body 1,
(nimble swimmer 1), tentacles
a: no special abilities


You were on level 2 of the Dungeon.
You visited 1 branch of the dungeon, and saw 2 of its levels.

You collected 52 gold pieces.

Inventory:

Hand Weapons
 a - a +0 short sword (weapon)
 b - a +0 hand crossbow
Missiles
 c - 6 bolts
Jewellery
 f - a ring of resist corrosion
Scrolls
 g - 2 scrolls of teleportation {unknown}
 h - a scroll of immolation {unknown}
 i - a scroll of noise {unknown}
Potions
 d - a potion of heal wounds {unknown}
 e - a potion of degeneration {unknown}


   Skills:
 + Level 1.3 Fighting
 + Level 2.2 Crossbows
 + Level 2.2 Dodging
 + Level 1.3 Stealth
 + Level 1.3 Spellcasting
 - Level 3.0 Hexes


You had 2 spell levels left.
You knew the following spells:

 Your Spells              Type           Power      Damage    Failure   Level
a - Slow                  Hex            40%        N/A       7%          1

Your spell library contained the following spells:

 Spells                   Type           Power      Damage    Failure   Level
 Inner Flame              Hex/Fire       5%         N/A       36%         3
 Portal Projectile        Hex/Tloc       10%        N/A       36%         3
 Cause Fear               Hex            5%         N/A       56%         4


Dungeon Overview and Level Annotations

Branches:
Dungeon (2/15)

Altars:

Shops:
D:1 [


Innate Abilities, Weirdness & Mutations

You cannot wear most types of armour.
You are amphibious.
You can wear up to eight rings at the same time.
Your skin changes colour to match your surroundings (Stealth+).
Your rubbery body absorbs attacks. (AC +1, EV +1)
((You are camouflaged near water. (Stealth+)))
You have tentacles for arms and can constrict up to eight enemies at once.


Message History

Aim: a gnoll, wielding a +0 club (65% to hit)
You shoot a bolt. The bolt hits the gnoll.
The gnoll is lightly wounded.
Fire: 11 bolts
Press: ? - help, Q - select action, (/) - cycle Shift-Dir - straight line, f/p - gnoll
Aim: a gnoll, wielding a +0 club (lightly wounded, 65% to hit)
You shoot a bolt.
The bolt hits the gnoll but does no damage.
The gnoll is lightly wounded.
Fire: 10 bolts
Press: ? - help, Q - select action, (/) - cycle Shift-Dir - straight line, f/p - gnoll
Aim: a gnoll, wielding a +0 club (lightly wounded, 65% to hit)
You shoot a bolt.
The bolt hits the gnoll but does no damage.
The gnoll is lightly wounded.
Fire: 9 bolts
Press: ? - help, Q - select action, (/) - cycle Shift-Dir - straight line, f/p - gnoll
Aim: a gnoll, wielding a +0 club (lightly wounded, 65% to hit)
You shoot a bolt. The bolt hits the gnoll.
The gnoll is moderately wounded.
The gnoll misses you.
Fire: 8 bolts
Press: ? - help, Q - select action, (/) - cycle Shift-Dir - straight line, f/p - gnoll
Aim: a gnoll, wielding a +0 club (moderately wounded, 65% to hit)
You shoot a bolt. The bolt barely misses the gnoll.
The gnoll hits you with a +0 club.
Fire: 7 bolts
Press: ? - help, Q - select action, (/) - cycle Shift-Dir - straight line, f/p - gnoll
Aim: a gnoll, wielding a +0 club (moderately wounded, 65% to hit)
You shoot a bolt. The bolt barely misses the gnoll.
The gnoll closely misses you. The gnoll completely misses you.
a - a +0 short sword (weapon)
You closely miss the gnoll. Your grab misses the gnoll.
The gnoll is moderately wounded.
The gnoll hits you with a +0 club!
* * * LOW HITPOINT WARNING * * *
You hit the gnoll. Your grab misses the gnoll.
The gnoll is heavily wounded.
The gnoll hits you with a +0 club!
You die...

#.......$....#
..............
......(......#
.............# #.
..#.#. #..#....
.....#.#### ..
...#.#..... #.
#.#.......###### #.
#.#..#.........#
#.####.#..#.##.####.#
#............†.# #.#
#.####.####.#..# #.#
### #...........#..#
#.# ....
##..##.######.<# #.#
(..(.#### #...##.#
###.## #.#
....(.((####.#.##.#
#....# #.#
#(.(g@..#..#.# #.#..#
#.# ##########.#.#
#.#######.# +#+#
#.........#
###########


You could see a gnoll.

Vanquished Creatures
  A worm (D:2)
  4 endoplasms (D:1)
  A goblin (D:1)
  2 jackals (D:2)
  A kobold (D:1)
  4 ball pythons (D:1)
13 creatures vanquished.

Notes
Turn   | Place    | Note
-------+----------+-------------------------------------------
     0 | D:1      | petzl the Octopode Arcane Marksman began the quest for the
                  | Orb.
     0 | D:1      | Reached XP level 1. HP: 13/13 MP: 2/2
   137 | D:1      | Found a faded altar of an unknown god.
   323 | D:1      | Reached XP level 2. HP: 18/18 MP: 3/3
   397 | D:1      | Reached skill level 1 in Stealth
   667 | D:1      | Found Curits's Antique Armour Emporium.
  1294 | D:2      | Slain by a gnoll

Illustrated notes

Levels and vault maps discovered:
D:1:      dpeg_arrival_arbitrary_a, layout_basic,
          chequers_ecumenical_altar_simple_redux, serial_shops,
          nicolae_shop_hallway_stairs, minmay_misc_feat_roman, minmay_distorted
D:2:      layout_basic, minmay_cupped

Skill      XL: |  1  2 |
---------------+-------+-----
Stealth        | 1 |  1.3
Fighting       | |  1.3
Crossbows      | |  2.2
Dodging        | |  2.2
Spellcasting   | |  1.3
Hexes          | |  3.0

Action                   || total
-------------------------++-------
Melee: Short sword       ||     5
       Tentacles         ||     1
 Fire: Hand crossbow     ||    32
Dodge: Dodged            ||     9

Table legend: (Time is in decaauts)
 A = Elapsed time spent in this place.
 B = Non-inter-level travel time spent in this place.
 C = Inter-level travel time spent in this place.
 D = Time resting spent in this place.
 E = Time spent auto-exploring this place.
 F = Levels seen in this place.
 G = Mean time per level.
                   A        B        C        D        E       F      G
               +--------+--------+--------+--------+--------+-----+--------+
         Total |   1305 |   1199 |    106 |    206 |    846 |   2 |  652.5 |
       Dungeon |   1305 |   1199 |    106 |    206 |    846 |   2 |  652.5 |
               +--------+--------+--------+--------+--------+-----+--------+

Top non-repeatable levels by time:
     D:1: 1047 daAuts
     D:2: 257 daAuts
